 Dungeon Crawl Stone Soup version 0.24.1-11-gbbbb2193e6 (webtiles) character file.

Game seed: 8544000358674752431, levelgen mode: deterministic

13922 H0rd4k the Eclecticist (level 11, -2/57 HPs)
             Began as a Deep Elf Wizard on May 14, 2020.
             Was an Elder of Sif Muna.
             Slain by a yak (4 damage)
             ... while petrified by a basilisk
             ... on level 4 of the Lair of Beasts on May 15, 2020.
             The game lasted 00:50:36 (16113 turns).

H0rd4k the Eclecticist (Deep Elf Wizard)           Turns: 16113, Time: 00:50:37

Health: -2/57      AC:  5    Str:  4    XL:     11   Next: 81%
Magic:  25/41      EV:  2    Int: 27    God:    Sif Muna [****..]
Gold:   474        SH:  0    Dex: 18    Spells: 32/41 levels left

rFire    + . .     SeeInvis .   G - staff of conjuration
rCold    x . .     Gourm    +   (no shield)
rNeg     + + +     Faith    .   j - +1 robe {rN+}
rPois    ∞         Spirit   .   b - +0 hat
rElec    .         Reflect  .   (no cloak)
rCorr    .         Harm     .   (no gloves)
MR       +....                  f - +1 pair of boots of Reol Zol {MP+9 Dex+5}
Stlth    +++.......             w - amulet of the gourmand
HPRegen  0.19/turn              D - ring of fire
MPRegen  0.27/turn              (no ring)

@: petrified
A: no striking features
a: Channel Magic, Forget Spell, Divine Exegesis, Renounce Religion


You were on level 4 of the Lair of Beasts.
You worshipped Sif Muna.
Sif Muna was greatly pleased with you.
You were full.

You visited 3 branches of the dungeon, and saw 16 of its levels.

You collected 740 gold pieces.
You spent 266 gold pieces at shops.

Inventory:

Hand Weapons
 a - a +0 dagger of protection
 r - a +6 scimitar
 y - a +5 short sword
 A - a +3 dagger of flaming
 T - a +0 falchion of holy wrath
Missiles
 g - 79 poisoned darts (quivered)
 t - 4 datura-tipped darts
 B - 3 boomerangs of dispersal
 O - 3 atropa-tipped darts
Armour
 b - a +0 hat (worn)
 f - the +1 pair of boots of Reol Zol (worn) {MP+9 Dex+5}
   (You bought it in a shop on level 10 of the Dungeon)

   It affects your dexterity (+5).
   It affects your magic capacity (+9).
 j - a +1 robe of positive energy (worn)
Magical Staves
 x - an uncursed staff of earth
 G - an uncursed staff of conjuration (weapon)
Jewellery
 w - an amulet of the gourmand (around neck)
 D - a ring of fire (left hand)
 L - an uncursed amulet of rage {unknown}
 P - an uncursed ring of positive energy {unknown}
Wands
 m - a wand of iceblast (4)
 s - a wand of flame (28)
 C - a wand of enslavement (3)
 H - a wand of random effects (18)
 I - a wand of clouds (5)
 U - a wand of acid (9)
Scrolls
 e - a scroll of fear
 k - 11 scrolls of identify
 n - 2 scrolls of fog
 q - a scroll of enchant weapon
 u - a scroll of enchant armour
 v - a scroll of random uselessness
 F - 4 scrolls of remove curse
 J - 2 scrolls of magic mapping
 K - a scroll of teleportation
 S - 2 scrolls of amnesia
 V - 2 scrolls of blinking {unknown}
Potions
 c - 7 potions of curing
 h - a potion of flight {unknown}
 i - 5 potions of heal wounds {unknown}
 l - 3 potions of might
 o - 2 potions of mutation {unknown}
 p - 2 potions of haste
 z - a potion of agility {unknown}
 E - 2 potions of berserk rage {unknown}
 M - 2 potions of invisibility {unknown}
 Q - a potion of cancellation {unknown}
 R - a potion of brilliance {unknown}
Miscellaneous
 N - a fan of gales
Comestibles
 d - 18 rations


   Skills:
 + Level 1.7 Fighting
 + Level 1.0 Throwing
 + Level 5.2 Dodging
 + Level 5.6 Stealth
 + Level 15.6 Spellcasting
 + Level 11.5 Conjurations
   Level 1.1 Summonings
 + Level 4.2 Translocations
 + Level 4.7 Fire Magic
 + Level 3.4 Air Magic
 + Level 4.2 Poison Magic
 + Level 0.2 Evocations


You had 32 spell levels left.
You knew the following spells:

 Your Spells              Type           Power        Failure   Level  Hunger
a - Magic Dart            Conj           ####         1%          1    None
b - Blink                 Tloc           N/A          1%          2    None
c - Conjure Flame         Conj/Fire      #######.     1%          3    None
d - Mephitic Cloud        Conj/Pois/Air  ######..     1%          3    None

Your spell library contained the following spells:

 Spells                   Type           Power        Failure   Level  Hunger
 Call Imp                 Summ           ####....     2%          2    None
 Slow                     Hex            ###.....     3%          2    None


Dungeon Overview and Level Annotations

Branches:
Dungeon (11/15)            Temple (1/1) D:4            Lair (4/6) D:8
    Orc (0/2) D:11
  Swamp: Lair:2-4    Shoals: Lair:2-4     Snake: Lair:2-4    Spider: Lair:2-4

Altars:
Ashenzari
Cheibriados
Dithmenos
Elyvilon
Fedhas
Gozag
Hepliaklqana
Kikubaaqudgha
Makhleb
Nemelex Xobeh
Okawaru
Qazlal
Sif Muna
Trog
Uskayaw
Vehumet
Wu Jian
Xom
Yredelemnul
Zin
The Shining One

Shops:
D:10 [

Annotations:
D:7 exclusion: downstairs
D:8 exclusion: downstairs
D:9 exclusion: downstairs, Erica, Erolcha
D:10 Urug
Lair:1 exclusions: downstairs and hydra
Lair:2 exclusion: hydra
Lair:3 exclusions: downstairs and 3 oklob plants


Message History

The porcupine closely misses you.
You have turned to stone.
The porcupine bites you! The yak gores you but does no damage.
The porcupine bites you but does no damage.
The yak barely misses you. The porcupine bites you! x2
The yak completely misses you. The yak gores you but does no damage.
The porcupine bites you. The yak gores you. The yak gores you!
The porcupine bites you. The yak gores you.
* * * LOW HITPOINT WARNING * * *
The yak gores you!
* * * LOW HITPOINT WARNING * * *
The porcupine bites you.
* * * LOW HITPOINT WARNING * * *
The yak gores you but does no damage.
The porcupine bites you but does no damage.
The yak gores you!
* * * LOW HITPOINT WARNING * * *
The yak gores you!
You die...

##......## r
####.##..#### ..
...##.÷.....#
...##.#.#...#.#...
............○☼# .
..8.....#.8..°+
.........l..#.YY....
##..#...#rY.#$#..##.
...(...#.@Y..##.....
#########.+### #..
##....# . #.....##
#8.<.8.# #.....##
#..8.## ###.## ###


You could see 2 yaks, a basilisk and a porcupine.

Vanquished Creatures
  A hydra (Lair:1)
  A two-headed ogre (D:10)
  An ugly thing (D:11)
  An elephant (D:8)
  2 spiny frogs
  A komodo dragon (Lair:1)
  7 hippogriffs
  A hornet (D:11)
  Sigmund (D:2)
  A wraith (D:10)
  13 yaks
  A basilisk (D:8)
  3 steam dragons
  A hungry ghost (D:8)
  3 water moccasins
  Duvessa (D:7)
  5 porcupines
  A phantom (D:5)
  3 orc warriors
  3 ice beasts
  2 sky beasts
  2 black bears
  A necrophage (D:8)
  4 ogres
  9 wolves (Lair:3)
  4 centaurs
  4 crocodiles
  4 big kobolds
  5 bullfrogs
  A gnoll sergeant (D:8)
  A water moccasin skeleton (D:6)
  3 scorpions
  Dowan (D:7)
  6 killer bees
  5 wights
  4 howler monkeys
  5 crimson imps
  A centaur zombie (D:8)
  2 hounds
  3 bullfrog skeletons
  2 centaur skeletons
  4 jellies
  5 orc priests
  8 orc wizards
  An iguana (D:9)
  11 worker ants
  A hound zombie (D:8)
  A worker ant zombie (D:9)
  5 gnolls
  11 adders
  A shadow imp (D:8)
  6 oozes
  3 adder zombies
  4 worms
  A dart slug (D:1)
  5 leopard geckos
  30 orcs
  A ball python (D:1)
  7 bats
  9 giant cockroaches
  8 hobgoblins
  25 jackals
  4 quokkas
  5 frilled lizards
  3 goblins
  24 kobolds
  A leopard gecko skeleton (D:8)
  A quokka skeleton (D:7)
  9 rats
314 creatures vanquished.

Vanquished Creatures (collateral kills)
  A killer bee (D:7)
  An orc priest (D:8)
2 creatures vanquished.

Vanquished Creatures (others)
  A bullfrog (D:10)
  A killer bee (D:8)
  14 fungi
  3 plants
19 creatures vanquished.

Grand Total: 335 creatures vanquished

Notes
Turn   | Place    | Note
-------+----------+-------------------------------------------
     0 | D:1      | H0rd4k the Deep Elf Wizard began the quest for the Orb.
     0 | D:1      | Reached XP level 1. HP: 10/10 MP: 7/7
   249 | D:1      | Reached skill level 5 in Spellcasting
   249 | D:1      | Reached XP level 2. HP: 15/15 MP: 2/10
   998 | D:1      | Reached XP level 3. HP: 19/19 MP: 7/12
  1297 | D:2      | Noticed an ogre
  1303 | D:2      | Learned a level 2 spell: Blink
  1307 | D:2      | Learned a level 3 spell: Conjure Flame
  1311 | D:2      | Learned a level 3 spell: Mephitic Cloud
  1876 | D:2      | Reached XP level 4. HP: 24/24 MP: 8/13
  1884 | D:2      | Noticed Sigmund
  2116 | D:2      | Reached skill level 6 in Spellcasting
  2299 | D:2      | Found a shimmering blue altar of Sif Muna.
  2357 | D:2      | Killed Sigmund
  2357 | D:2      | Reached skill level 1 in Throwing
  2357 | D:2      | Reached skill level 7 in Spellcasting
  2357 | D:2      | Reached XP level 5. HP: 28/28 MP: 3/16
  2907 | D:4      | Reached XP level 6. HP: 32/32 MP: 16/18
  3598 | D:4      | Found a staircase to the Ecumenical Temple.
  3793 | D:4      | Found a basalt altar of Yredelemnul.
  3934 | D:5      | Entered Level 5 of the Dungeon
  3988 | D:5      | Reached XP level 7. HP: 36/36 MP: 3/20
  4026 | D:5      | Reached skill level 8 in Spellcasting
  4127 | D:5      | Reached skill level 5 in Conjurations
  4127 | D:5      | Reached skill level 1 in Fire Magic
  4381 | D:5      | Identified the cursed +0 ring mail of Xom's Benevolence
                  | {Int+3}
  4508 | Temple   | Entered the Ecumenical Temple
  4710 | D:5      | Found a hazy altar of Hepliaklqana.
  4718 | D:5      | Reached skill level 1 in Air Magic
  5061 | D:5      | Reached XP level 8. HP: 42/42 MP: 17/22
  5210 | D:6      | Reached skill level 9 in Spellcasting
  5252 | D:6      | Reached skill level 1 in Poison Magic
  5780 | D:7      | Noticed Duvessa
  5780 | D:7      | Noticed Dowan
  5788 | D:7      | Killed Dowan
  5796 | D:7      | Killed Duvessa
  5796 | D:7      | Reached skill level 10 in Spellcasting
  5909 | D:7      | Found a stormy altar of Qazlal.
  6201 | D:7      | Noticed an air elemental
  6350 | D:7      | Reached XP level 9. HP: 45/46 MP: 15/25
  6945 | D:7      | Found a radiant altar of Vehumet.
  7139 | Temple   | Became a worshipper of Sif Muna the Loreminder
  7844 | D:7      | Reached skill level 11 in Spellcasting
  8204 | D:8      | Reached skill level 1 in Fighting
  8272 | D:8      | Reached skill level 5 in Stealth
  8442 | D:8      | Reached * piety under Sif Muna
  8572 | D:8      | Found a snail-covered altar of Cheibriados.
  8794 | D:8      | Got a slimy ring mail
  8979 | D:8      | Reached skill level 12 in Spellcasting
  9136 | D:8      | Reached XP level 10. HP: 26/52 MP: 20/28
  9410 | D:8      | Noticed an elephant
  9481 | D:8      | Killed an elephant
  9636 | D:8      | Found a staircase to the Lair.
  9880 | D:8      | Reached ** piety under Sif Muna
 10161 | D:9      | Identified the +2 ring mail of Unambiguity {*Corrode Regen+
                  | Stlth+} (You found it on level 8 of the Dungeon)
 10231 | D:9      | Reached skill level 13 in Spellcasting
 10256 | D:9      | Noticed Erolcha
 10505 | D:9      | Noticed Erica
 10519 | D:9      | Found a burning altar of Makhleb.
 10519 | D:9      | Found an iron altar of Okawaru.
 10786 | D:10     | Entered Level 10 of the Dungeon
 10807 | D:10     | Noticed a two-headed ogre
 10816 | D:10     | Killed a two-headed ogre
 10816 | D:10     | Reached skill level 10 in Conjurations
 10875 | D:10     | Found a shattered altar of Ashenzari.
 10973 | D:10     | Found Teosuwiar's Antique Armour Shop.
 11106 | D:10     | Bought a pair of brightly glowing boots for 266 gold pieces
 11106 | D:10     | Noticed Urug
 11385 | D:10     | Identified the +1 pair of boots of Reol Zol {MP+9 Dex+5}
                  | (You bought it in a shop on level 10 of the Dungeon)
 11854 | D:10     | Reached *** piety under Sif Muna
 12115 | D:11     | Found a staircase to the Orcish Mines.
 12182 | D:11     | Noticed a cyan ugly thing
 12194 | D:11     | Noticed a cyclops
 12209 | D:11     | Killed a cyan ugly thing
 12209 | D:11     | Reached XP level 11. HP: 36/56 MP: 24/30
 12651 | Lair:1   | Entered Level 1 of the Lair of Beasts
 12738 | Lair:1   | Noticed a six-headed hydra
 12751 | Lair:1   | HP: 2/56 [six-headed hydra (8)]
 12752 | Lair:1   | Killed a six-headed hydra
 12752 | Lair:1   | Reached skill level 14 in Spellcasting
 13511 | Lair:1   | Noticed a seven-headed hydra
 13817 | Lair:1   | Reached skill level 5 in Dodging
 14242 | Lair:2   | Noticed an eight-headed hydra
 14419 | Lair:2   | Noticed an eight-headed hydra
 14846 | Lair:2   | Reached skill level 15 in Spellcasting
 15530 | Lair:3   | Found a shimmering altar of Xom.
 15671 | Lair:3   | Reached **** piety under Sif Muna
 15856 | Lair:3   | Noticed an oklob plant
 15856 | Lair:3   | Noticed an oklob plant
 15857 | Lair:3   | Noticed an oklob plant
 16112 | Lair:4   | HP: 2/57 [yak (6)]
 16113 | Lair:4   | Slain by a yak

Levels and vault maps discovered:
D:1:      psy_arrival_radial02, layout_basic, roderic_serpentine_path
D:2:      layout_loops_ring, first_ration, lemuel_statue_altar, uniq_sigmund
D:3:      layout_rooms
D:4:      layout_basic, marbit_many_paths, minmay_temple_entry_fiery,
          serial_rivers, chequers_serial_rivers_micro_b,
          chequers_serial_rivers_room_a, chequers_serial_rivers_marsh,
          chequers_serial_rivers_marsh
D:5:      layout_rooms, basic_altar, hangedman_abyss_or_decor_stabs,
          hangedman_decor_slide_cut, serial_bayou_lagoon_b
D:6:      layout_cave_pools
D:7:      layout_gridville, nicolae_overflow_crystal_walls,
          nicolae_qazlal_style_of_elements, uniq_duvessa
D:8:      kennysheep_steamy, layout_loops_ring, david_lair_generic, basic_altar,
          hangedman_little_slice_of_home
D:9:      layout_cave_pools, kennysheep_little_box,
          chequers_temple_overflow_statue_of_worship, uniq_erolcha, uniq_erica
D:10:     layout_gridville, serial_shops, nicolae_shop_stone,
          evilmike_ruin_ashenzari, uniq_urug
D:11:     layout_irregular_city, orc_0_dummy
Temple:   lightli_temple_of_artemis
Lair:1:   layout_roguey, infiniplex_staircase_pool
Lair:2:   layout_long_grid, nicolae_spider_entry_tight_spaces
Lair:3:   layout_misc_corridors, basic_altar, chequers_serial_rivers_small_3,
          minmay_lair_oklob_chamber
Lair:4:   layout_cave_pods, nicolae_swamp_entry_splash_gauntlet,
          grunt_megastairs_1

Skill      XL: |  1  2  3  4  5  6  7  8  9 10 11 |
---------------+----------------------------------+-----
Spellcasting   | 5 7 8 10 12 13 15 | 15.6
Conjurations   | 2 3 4 6 7 9 10 11 | 11.5
Throwing       | 1 |  1.0
Stealth        | 3 5 |  5.6
Dodging        | 3 4 5 |  5.2
Fire Magic     | 1 2 4 |  4.7
Air Magic      | 1 2 3 |  3.4
Poison Magic   | 2 3 4 |  4.2
Translocations | 2 3 4 |  4.2
Fighting       | 1 |  1.7
Summonings     | |  1.1
Evocations     | |  0.2

Action                   |  1- 3 |  4- 6 |  7- 9 | 10-12 || total
-------------------------+-------+-------+-------+-------++-------
Melee: Dagger            |       |       |       |     1 ||     1
Throw: Dart              |    11 |       |       |       ||    11
 Cast: Magic Dart        |   103 |   101 |   354 |   429 ||   987
       Conjure Flame     |     3 |     8 |    42 |    83 ||   136
       Mephitic Cloud    |       |     7 |    35 |    24 ||    66
       Blink             |       |     2 |     9 |    17 ||    28
Evoke: Wand              |       |       |     2 |     2 ||     4
  Use: Potion            |       |       |     2 |       ||     2
       Scroll            |       |       |     9 |     7 ||    16
  Eat: Chunk             |     3 |     5 |    14 |    28 ||    50
       Ration            |       |       |     1 |       ||     1
Armor: Robe              |     4 |     6 |    10 |    24 ||    44
Dodge: Dodged            |    18 |    27 |    63 |    98 ||   206
